 Dungeon Crawl Stone Soup version 0.24.0-2-g5b39cebb1c (webtiles) character file.

Game seed: 166114705803749766, levelgen mode: deterministic

293 Aviak the Skirmisher (level 6, -3/53 HPs)
             Began as a Draconian Abyssal Knight on Oct 31, 2019.
             Was a Follower of Lugonu.
             Slain by an ogre
             ... wielding a +0 giant spiked club
              (24 damage)
             ... on level 3 of the Dungeon.
             The game lasted 00:03:43 (2349 turns).

Aviak the Skirmisher (Draconian Abyssal Knight)     Turns: 2349, Time: 00:03:43

Health: -3/53      AC: 10    Str: 15    XL:     6   Next: 11%
Magic:  8/8        EV: 13    Int: 12    God:    Lugonu [*.....]
Gold:   115        SH:  0    Dex: 12    Spells: 5/5 levels left

rFire    . . .     SeeInvis .   a - +2 spear
rCold    . . .     Gourm    .   (no shield)
rNeg     . . .     Faith    .   (armour unavailable)
rPois    .         Spirit   .   h - +0 hat
rElec    .         Reflect  .   (no cloak)
rCorr    .         Harm     .   (no gloves)
MR       +....                  (no boots)
Stlth    +.........             (no amulet)
HPRegen  0.17/turn              M - ring of protection from magic
MPRegen  0.11/turn              A - +4 ring of protection

@: no status effects
A: unfitting armour, cold-blooded, AC +6
a: Depart the Abyss, Renounce Religion


You were on level 3 of the Dungeon.
You worshipped Lugonu.
Lugonu was aware of your devotion.
You were not hungry.

You visited 1 branch of the dungeon, and saw 3 of its levels.
You visited the Abyss 1 time.

You collected 115 gold pieces.

Inventory:

Hand Weapons
 a - a +2 spear (weapon)
Armour
 h - a +0 hat (worn)
Jewellery
 d - an uncursed ring of stealth
 g - an uncursed ring of flight
 A - a +4 ring of protection (right hand)
 M - a ring of protection from magic (left hand)
Scrolls
 e - 2 scrolls of identify {unknown}
 j - a scroll of enchant armour {unknown}
 l - a scroll of fog
 m - a scroll of blinking {unknown}
 n - a scroll of remove curse {unknown}
Potions
 c - 3 potions of curing
 f - a potion of heal wounds {unknown}
 i - a potion of might {unknown}
 k - a potion of ambrosia {unknown}
Comestibles
 b - 3 rations


   Skills:
 + Level 4.6 Fighting
 + Level 3.6 Polearms
 + Level 3.5 Dodging
 + Level 3.8 Invocations


You had 5 spell levels left.
You didn't know any spells.
Your spell library was empty.

Dungeon Overview and Level Annotations

Branches:
Dungeon (3/15)

Altars:
The Shining One

Annotations:
D:3 Robin


Innate Abilities, Weirdness & Mutations

Your plain brown scales are hard. (AC +6)
You cannot fit into any form of body armour.
You are cold-blooded and may be slowed by cold attacks.


Message History

You hit the ogre.
The ogre is moderately wounded.
The ogre barely misses you.
The goblin shouts!
You hit the ogre.
The ogre is heavily wounded.
You hear a shout! x5
You hear a shout!
You hit the ogre.
The ogre is severely wounded.
The ogre hits you with a +0 giant spiked club!
You hit the ogre.
The ogre is severely wounded.
The ogre barely misses you.
You barely miss the ogre.
The ogre is severely wounded.
You barely miss the ogre. You tail-slap the ogre.
The ogre is almost dead.
The ogre hits you with a +0 giant spiked club!!
You die...

.# . .#.#....####.### .#
#.# #.............g... .#
...# #....#.##..#...##
.##..# #....#.##.)#.#.#
.....# #....#.##...>#
.....# #....#.##.##.####
.....# #.......#.......#
####.#####..#....O##.###.#
...........@.'%.....#
########.....##...#.#
#...........#########
#....#####..# #....# #...#
#[...# #...# #....# #...#
#....####...## ##
##'#.........# # ###.


You could see an ogre.

Vanquished Creatures
  Sigmund (D:2)
  Jessica (D:2)
  4 adders (D:2)
  An ooze (D:1)
  4 dart slugs
  4 leopard geckos
  2 orcs (D:3)
  3 ball pythons
  7 bats
  2 giant cockroaches
  7 goblins
  8 hobgoblins
  6 kobolds
  5 frilled lizards
  7 rats
62 creatures vanquished.

Notes
Turn   | Place    | Note
-------+----------+-------------------------------------------
     0 | Abyss:1  | Aviak the Draconian Abyssal Knight began the quest for the
                  | Orb.
     0 | Abyss:1  | Reached XP level 1. HP: 19/19 MP: 2/2
    60 | Abyss:1  | Noticed a tentacled starspawn
    65 | D:1      | Escaped the Abyss
   175 | D:1      | Reached XP level 2. HP: 17/26 MP: 3/3
   517 | D:1      | Reached * piety under Lugonu
   601 | D:1      | Reached XP level 3. HP: 31/31 MP: 4/4
  1032 | D:2      | Found a glowing golden altar of the Shining One.
  1038 | D:2      | Noticed Sigmund
  1072 | D:2      | Killed Sigmund
  1072 | D:2      | Reached skill level 4 in Fighting
  1072 | D:2      | Reached XP level 4. HP: 29/41 MP: 6/6
  1072 | D:2      | Reached XP level 5. HP: 33/47 MP: 7/7
  1393 | D:2      | You fall into a shaft and drop 1 floor!
  1393 | D:3      | Noticed Robin
  1926 | D:2      | Noticed Jessica
  1934 | D:2      | Killed Jessica
  1934 | D:2      | Reached XP level 6. HP: 20/53 MP: 8/8
  2349 | D:3      | Slain by an ogre

Levels and vault maps discovered:
D:1:      dpeg_arrival_yet_another_circle, layout_basic
D:2:      layout_rooms, tso_metal_star, first_ration, uniq_sigmund, uniq_jessica
D:3:      layout_basic, old_standard_altar, serial_curves, eino_curves_02,
          eino_curves_01, feat_on_display, uniq_robin

Skill      XL: |  1  2  3 |
---------------+----------+-----
Fighting       | 4 |  4.6
Polearms       | 3 |  3.6
Dodging        | 3 |  3.5
Invocations    | 3 |  3.8

Action                   |  1- 3 |  4- 6 || total
-------------------------+-------+-------++-------
Melee: Spear             |   132 |   106 ||   238
       Tailslap          |    11 |     6 ||    17
Invok: Depart the Abyss  |     1 |       ||     1
  Use: Potion            |     4 |       ||     4
       Scroll            |       |     4 ||     4
 Stab: Sleeping          |     7 |       ||     7
  Eat: Chunk             |       |     3 ||     3
       Ration            |       |     1 ||     1
Armor: Skin              |    64 |    24 ||    88
Dodge: Dodged            |    47 |    50 ||    97
